AoeStats
← Brydazi

Golden Pit

509963741Analyzed
1v1 RM · 4d ago on Sep 28, 2026· 36m 6s· 2 players
Game mode
Random Map
Map size
Tiny (2 player)
Population
200
Speed
Normal
Resources
Standard
Victory
Conquest
Starting age
Dark Age
Ending age
Imperial Age
RankedLock teamsTeams togetherTeam positionsShared explorationLock speedFull tech treeHidden civsTurbo modeCheats
Victory
Defeat
🇫🇷 Muisca · France
1272
+16
🇺🇸 Koreans · United States
1268
-16
Brydazi
6:37 Loom
9:12 Feudal Age
9:42 Man-at-Arms
11:55 Double-Bit Axe
16:31 Fletching
20:57 Castle Age
20:35 Scale Mail Armor
21:48 Bodkin Arrow
24:13 Squires
35:38 Gold Mining
Piquerito
7:02 Loom
9:36 Feudal Age
10:17 Double-Bit Axe
13:08 Fletching
14:47 Padded Archer Armor
21:38 Castle Age
20:59 Gold Mining
22:19 Bodkin Arrow
21:49 Crossbowman
23:52 Horse Collar
25:00 Stone Mining
26:55 Ballistics
31:16 Town Watch
32:37 Wheelbarrow
33:00 Bow Saw
37:39 Imperial Age
36:44 Leather Archer Armor
Connection lost

Rejoining the realm…

Still unreachable

The connection could not be restored.

Session expired

The server has moved on; the page needs a fresh start.